 Dungeon Crawl Stone Soup version 0.30.0-15-g856e2d3f33 (webtiles) character file.

Game seed: 13961401099647049432

3106 saiaiaiai the Jinx (level 9, 0/57 HPs)
             Began as a Barachi Enchanter on May 19, 2023.
             Was a Priest of Dithmenos.
             Slain by a manticore (10 damage)
             ... on level 7 of the Dungeon.
             The game lasted 00:38:01 (9116 turns).

saiaiaiai the Jinx (Barachi Enchanter)              Turns: 9116, Time: 00:38:01

Health: 0/57       AC:  3    Str: 10    XL:     9   Next: 90%
Magic:  9/12       EV: 12    Int: 20    God:    Dithmenos [***...]
Gold:   402        SH:  0    Dex: 12    Spells: 1/12 levels left

rFire   . . .        a - +4 dagger (speed)
rCold   . . .        (no shield)
rNeg    . . .        b - +0 robe
rPois   .            (no helmet)
rElec   .            (no cloak)
rCorr   .            A - +0 pair of gloves
SInv    .            (no boots)
Will    +....        D - amulet of regeneration
Stlth   +++++        y - ring of willpower
HPRegen 1.09/turn    C - ring of wizardry
MPRegen 0.13/turn

%: wizardry (x1)
@: wreathed by umbra, slow
A: amphibious, slowness 1, strong legs 1, +LOS
a: Hop, Renounce Religion, Shadow Step


You were on level 7 of the Dungeon.
You worshipped Dithmenos.
Dithmenos was most pleased with you.
You visited 1 branch of the dungeon, and saw 8 of its levels.

You collected 402 gold pieces.

Inventory:

Hand Weapons
 a - a +4 dagger of speed (weapon)
 u - a +0 rapier
 E - the +8 autumn katana {manifold assault}
   (You found it on level 7 of the Dungeon)
Missiles
 e - 6 boomerangs
Armour
 b - a +0 robe (worn)
 A - a +0 pair of gloves (worn)
Magical Staves
 n - a staff of cold
 p - a staff of conjuration
Jewellery
 y - a ring of willpower (left hand)
 C - a ring of wizardry (right hand)
 D - an amulet of regeneration (around neck)
 F - a ring of protection from fire
Wands
 d - a wand of flame (14)
 f - a wand of iceblast (5)
 v - a wand of digging (6)
Scrolls
 c - a scroll of noise {unknown}
 g - a scroll of fog {unknown}
 k - a scroll of enchant weapon {unknown}
 m - 2 scrolls of vulnerability {unknown}
 t - 2 scrolls of blinking {unknown}
 w - a scroll of summoning {unknown}
Potions
 h - a potion of flight
 i - a potion of magic
 j - 2 potions of mutation
 q - a potion of might {unknown}
 x - 2 potions of brilliance
 z - 3 potions of attraction
 B - a potion of haste {unknown}


   Skills:
 - Level 6.8(7.6) Short Blades
 + Level 5.8(7.5) Long Blades
 - Level 2.1 Dodging
 - Level 7.3 Stealth
 - Level 2.1 Spellcasting
 - Level 8.2 Hexes
 + Level 5.7 Ice Magic


You had one spell level left.
You knew the following spells:

 Your Spells              Type           Power      Damage    Failure   Level
a - Confusing Touch       Hex            35%        N/A       1%          3
b - Ensorcelled Hibernat  Hex/Ice        60%        N/A       1%          2
c - Tukima's Dance        Hex            35%        N/A       1%          3
d - Dazzling Flash        Conj/Hex       36%        N/A       3%          3

Your spell library contained the following spells:

 Spells                   Type           Power      Damage    Failure   Level
 Freeze                   Ice            100%       1d10      1%          1
 Shock                    Conj/Air       8%         1d3       6%          1
 Frozen Ramparts          Ice            50%        1d8       1%          3
 Hailstorm                Conj/Ice       13%        3d5       6%          3
 Passwall                 Tmut/Erth      1%         N/A       10%         2
 Swiftness                Air            2%         N/A       19%         3
 Volatile Blastmotes      Fire/Tloc      4%         2d10      19%         3
 Ice Form                 Ice/Tmut       13%        N/A       19%         4
 Airstrike                Air            1%         2d(1-17)  50%         4
 Iskenderun's Mystic Bla  Conj/Tloc      2%         2d3       50%         4
 Simulacrum               Ice/Necr       6%         N/A       94%         6
 Starburst                Conj/Fire      1%         6d3       100%        6


Dungeon Overview and Level Annotations

Branches:
Dungeon (8/15)             Temple (0/1) D:6
   Lair: D:8-11

Altars:
Dithmenos
Fedhas
Kikubaaqudgha
Makhleb
The Shining One

Annotations:
D:7 3 exclusions


Innate Abilities, Weirdness & Mutations

You are amphibious.
You cover ground slowly.
You can hop short distances.
You have an extended range of vision and can be seen from far away.


Message History

The volley of spikes hits you!
The barbed spikes become lodged in your body.
Aiming: Ensorcelled Hibernation (safe; 1% risk of failure)
Press: ? - help, Shift-Dir - straight line, f/p - manticore
Aim: a manticore (umbra, chance to affect: 42%)
The manticore looks drowsy...
The barbs in your skin will harm you if you move.
Continue?
An orc comes into view. It is wielding a +0 short sword.
The barbed spikes dig painfully into your body as you move.
The orc moves out of view.
The helpless manticore fails to defend itself.
You skewer the manticore like a kebab!!!
The manticore is almost dead.
The manticore bites you!! The manticore claws you.
* * * LOW HITPOINT WARNING * * *
The manticore claws you!
* * * LOW HITPOINT WARNING * * *
You feel better. The manticore bites you.
* * * LOW HITPOINT WARNING * * *
The manticore claws you.
* * * LOW HITPOINT WARNING * * *
The manticore closely misses you.
You feel better. The manticore bites you.
* * * LOW HITPOINT WARNING * * *
The manticore claws you.
* * * LOW HITPOINT WARNING * * *
The manticore barely misses you.
You feel better.
You carefully extract the barbed spikes from your body.
The manticore barely misses you. The manticore misses you.
The manticore claws you.
* * * LOW HITPOINT WARNING * * *
You feel better. The manticore closely misses you. The manticore claws you!
* * * LOW HITPOINT WARNING * * *
The manticore claws you.
* * * LOW HITPOINT WARNING * * *
You feel better. The manticore bites you.
* * * LOW HITPOINT WARNING * * *
The manticore closely misses you. The manticore claws you!
You die...

~...###...~.♣ #.# ##.......#
.....♣......♣ #.####V#.#.#..
♣♣♣♣♣.♣♣♣♣♣♣♣ #..##........#
##♣.♣## #######.H....#.#.#.#
♣♣♣.....♣♣♣♣♣#.....#...#.........
♣♣.#####.♣♣.♣♣.♣♣♣.#...#.########
.♣.#.[.#.♣.♣...♣ ♣.....#.########
♣..##†##..♣♣♣♣.♣♣♣.#............#
♣♣♣.....♣♣♣ #..@HV#..###.......#
####### ########...########.#
##### #.#........##.......# #...#
#>..######.##.####### #.#<#
#....####..##.#...... ###.######
#..[......###.#...... .........#
#####....#.....#...).#
....####.###......#...#####.....#
....# #.#....#.........# #..#'##


You could see a manticore and a vampire.

Vanquished Creatures
  Grinder (D:5)
  A wraith (D:6)
  Menkaure (D:4)
  A sky beast (D:7)
  An ice beast (D:6)
  3 black bears
  2 orc warriors (D:7)
  An ogre (D:5)
  3 phantoms
  3 centaurs
  A kobold brigand (D:6)
  Blork the orc (D:5)
  2 bullfrogs (D:7)
  4 scorpions
  4 killer bees (D:7)
  A crimson imp (D:5)
  2 hounds (D:6)
  4 orc priests
  2 jellies (D:4)
  A gnoll bouda (D:7)
  3 iguanas
  A sleepcap (D:5)
  Ijyb (D:5)
  Natasha (thrice) (D:2)
  5 orc wizards
  3 gnolls (D:5)
  9 adders
  A shadow imp (D:7)
  3 white imps
  An ufetubus (D:4)
  A worm (D:2)
  21 orcs
  9 ball pythons
  14 endoplasms
  2 giant cockroaches (D:3)
  8 goblins
  2 hobgoblins
  6 jackals
  8 kobolds
  4 quokkas
  7 bats
  3 frilled lizards
  3 rats
157 creatures vanquished.

Vanquished Creatures (collateral kills)
  6 orcs
  2 kobolds (D:6)
8 creatures vanquished.

Vanquished Creatures (others)
  2 dancing weapons
  2 jackals (D:5)
4 creatures vanquished.

Grand Total: 169 creatures vanquished

Notes
Turn   | Place    | Note
-------+----------+-------------------------------------------
     0 | D:1      | saiaiaiai the Barachi Enchanter began the quest for the
                  | Orb.
     0 | D:1      | Reached XP level 1. HP: 13/13 MP: 3/3
    10 | D:1      | Found a faded altar of an unknown god.
    31 | D:1      | Prayed at the altar of an unknown god.
    31 | D:1      | Became a worshipper of Dithmenos the Shadowed
    31 | D:1      | Reached * piety under Dithmenos
    80 | D:1      | Reached XP level 2. HP: 17/19 MP: 5/5
    95 | D:1      | Learned a level 2 spell: Ensorcelled Hibernation
   866 | D:2      | Noticed Natasha
   870 | D:2      | Killed Natasha
   871 | D:2      | Reached XP level 3. HP: 24/24 MP: 3/6
  1070 | D:2      | Reached skill level 4 in Hexes
  1177 | D:2      | Learned a level 3 spell: Confusing Touch
  1181 | D:2      | Noticed Natasha
  1191 | D:2      | Reached XP level 4. HP: 30/30 MP: 0/7
  1496 | D:2      | Reached ** piety under Dithmenos
  1556 | D:2      | Killed Natasha
  1557 | D:2      | Reached XP level 5. HP: 33/35 MP: 5/8
  1679 | D:2      | Noticed Natasha
  1687 | D:2      | Killed Natasha
  1960 | D:2      | Learned a level 3 spell: Tukima's Dance
  2696 | D:3      | Reached XP level 6. HP: 39/41 MP: 0/9
  3160 | D:3      | Reached skill level 5 in Hexes
  3526 | D:4      | Noticed Menkaure
  3540 | D:4      | Killed Menkaure
  3603 | D:4      | Identified the +11 plate armour "Ymeh" {*Slow rF+ rN+}
  3696 | D:4      | Found a burning altar of Makhleb.
  3723 | D:4      | Reached XP level 7. HP: 46/46 MP: 10/10
  3777 | D:4      | Reached skill level 5 in Stealth
  4002 | D:4      | Reached skill level 5 in Short Blades
  4002 | D:4      | Reached skill level 6 in Hexes
  4084 | D:4      | Found a glowing golden altar of the Shining One.
  4102 | D:5      | Entered Level 5 of the Dungeon
  4113 | D:5      | Identified the +1 scale mail of an ossuary {rF+ Will+
                  | rCorr}
  4410 | D:5      | Noticed Ijyb
  4524 | D:5      | Noticed Grinder
  4527 | D:5      | Killed Grinder
  4528 | D:5      | Reached XP level 8. HP: 52/52 MP: 11/11
  4947 | D:5      | Noticed Blork the orc
  5056 | D:6      | Learned a level 3 spell: Dazzling Flash
  5077 | D:6      | Found a blossoming altar of Fedhas.
  5161 | D:6      | Reached skill level 7 in Hexes
  5510 | D:6      | Found a staircase to the Ecumenical Temple.
  6028 | D:7      | Found an ancient bone altar of Kikubaaqudgha.
  6190 | D:7      | HP: 2/52 [something/puff of flame (7)]
  6535 | D:7      | Found the +8 autumn katana {manifold assault}
  7136 | D:7      | Reached skill level 1 in Long Blades
  7136 | D:7      | Reached skill level 1 in Ice Magic
  7136 | D:7      | Reached XP level 9. HP: 53/57 MP: 5/12
  7468 | D:7      | Reached skill level 8 in Hexes
  7898 | D:6      | Reached *** piety under Dithmenos
  8123 | D:5      | Killed Ijyb
  8331 | D:5      | Killed Blork the orc
  8528 | D:5      | Reached skill level 5 in Long Blades
  8538 | D:5      | Reached skill level 5 in Ice Magic
  9073 | D:7      | Noticed a gargoyle
  9091 | D:7      | Noticed a manticore
  9112 | D:7      | HP: 1/57 [manticore (4)]
  9116 | D:7      | Slain by a manticore

Illustrated notes

Levels and vault maps discovered:
D:1:      lemuel_arrival_room, layout_loops_ring, basic_ecumenical_altar
D:2:      layout_loops_ring, uniq_natasha
D:3:      layout_basic
D:4:      layout_rooms, bloody_makhleb, lemuel_coloured_pillars_altar,
          uniq_menkaure
D:5:      layout_cave_pools, hangedman_abyss_or_decor_slice, grunt_ministairs_3,
          minmay_fire_ice_demons, uniq_blork_the_orc, uniq_grinder, uniq_ijyb
D:6:      layout_loops_corners, mainiacjoe_overflow_chevrons,
          minmay_temple_entry_arrows
D:7:      nzn_winding_woodlands_large [nzn_winding_woodlands_5x5_perimeter,
          nzn_winding_woodlands_5x15_cabin, nzn_winding_woodlands_5x5_default,
          nzn_winding_woodlands_center_triple_pond,
          nzn_winding_woodlands_15x15_five_gardens,
          nzn_winding_woodlands_center_diamonds,
          nzn_winding_woodlands_5x5_cross, nzn_winding_woodlands_5x15_garden,
          nzn_winding_woodlands_5x5_closed_star], layout_basic,
          mainiacjoe_overflow_alcove_1, serial_co_window_serial,
          co_window_paths_a, co_window_paths_a, co_window_paths_a,
          co_window_corner_a, co_window_paths_b, co_window_paths_a,
          co_window_paths_a, co_window_broadway_c, co_window_of_opportunity_b,
          co_window_corner_b, co_window_corner_b, co_window_unsneaky_path_c,
          co_window_corner_b, co_window_paths_d, glass_columns_b,
          glass_columns_a, glass_columns_a, amcnicky_mini_corridor_feature,
          mrwooster_statue_mirror
D:8:      layout_basic, serial_ice, serial_ice_j, serial_ice_b, serial_ice_o,
          serial_ice_f, uniq_psyche, uniq_maggie

Skill      XL: |  1  2  3  4  5  6  7  8  9 |
---------------+----------------------------+-----
Stealth        | 3 4 5 7 |  7.3
Short Blades   | 2 3 4 5 6 |  6.8
Hexes          | 4 5 6 7 8 |  8.2
Long Blades    | 1 5 |  5.8
Ice Magic      | 1 5 |  5.7
Dodging        | |  2.1
Spellcasting   | |  2.1

Action                     |  1- 3 |  4- 6 |  7- 9 || total
---------------------------+-------+-------+-------++-------
  Melee: Dagger            |    87 |   135 |   304 ||   526
         Punch             |     3 |       |     5 ||     8
  Throw: Boomerang         |       |       |     3 ||     3
   Cast: Ensorcelled Hiber |    16 |    33 |    67 ||   116
         Confusing Touch   |       |     1 |     6 ||     7
         Tukima's Dance    |       |       |    16 ||    16
 Invoke: Shadow Step       |       |       |     2 ||     2
Ability: Hop               |     1 |     3 |     7 ||    11
  Evoke: Wand              |       |       |     2 ||     2
    Use: Scroll            |       |     4 |     5 ||     9
         Potion            |       |     1 |    10 ||    11
   Stab: Sleeping          |    15 |    25 |    48 ||    88
         Invisible         |       |     1 |     6 ||     7
         Distracted        |       |     1 |     1 ||     2
         Confused          |       |       |     8 ||     8
 Armour: Robe              |    15 |    20 |    31 ||    66
  Dodge: Dodged            |    62 |    74 |   181 ||   317
